 Dungeon Crawl Stone Soup version 0.21.1-1-g345015f (webtiles) character file.

58 Mirai the Chopper (level 3, -1/29 HPs)
             Began as a Demonspawn Berserker on Feb 21, 2018.
             Was a Follower of Trog.
             Slain by an adder (2 damage)
             ... while paralysed
             ... on level 2 of the Dungeon.
             The game lasted 00:02:53 (1004 turns).

Mirai the Chopper (Demonspawn Berserker)            Turns: 1004, Time: 00:02:55

Health: -1/29      AC:  3    Str: 17    XL:     3   Next: 75%
Magic:  3/3        EV:  2    Int:  8    God:    Trog [*.....]
Gold:   38         SH:  0    Dex: 13    Spells: 2/2 levels left

rFire    . . .     SeeInvis .   a - +0 hand axe
rCold    + . .     Gourm    .   (no shield)
rNeg     . . .     Faith    .   h - +0 robe
rPois    .         Spirit   .   e - +0 helmet
rElec    .         Reflect  .   (no cloak)
rCorr    +         Harm     .   (no gloves)
MR       .....                  (no boots)
Stlth    +.........             i - amulet of rage
HPRegen  0.09/turn              d - ring of protection from cold
MPRegen  0.08/turn              o - ring of resist corrosion

@: paralysed, lethally poisoned (-1 -> -14), berserk cooldown, slowed
A: claws 1, sturdy frame 1
a: Berserk, Burn Spellbooks, Renounce Religion, Evoke Berserk Rage


You were on level 2 of the Dungeon.
You worshipped Trog.
Trog was aware of your devotion.
You were very hungry.

You visited 1 branch of the dungeon, and saw 2 of its levels.

You collected 38 gold pieces.

Inventory:

Hand Weapons
 a - a +0 hand axe (weapon)
Armour
 b - a +0 animal skin
 e - a +0 helmet (worn)
 h - a +0 robe (worn)
 n - a +0 robe
Jewellery
 d - a ring of protection from cold (left claw)
 i - an amulet of rage (around neck)
 o - a ring of resist corrosion (right claw)
Scrolls
 g - a scroll of identify {unknown}
 j - 4 scrolls of remove curse {unknown}
 k - 2 scrolls of enchant armour {unknown}
Potions
 f - a potion of lignification {unknown}
 l - a potion of resistance {unknown}
Comestibles
 c - a ration
 m - 5 chunks of flesh


   Skills:
 + Level 3.4 Fighting
 + Level 3.5 Axes
 + Level 1.9 Armour
 + Level 2.3 Dodging


You had 2 spell levels left.
You didn't know any spells.

Dungeon Overview and Level Annotations

Branches:
Dungeon (2/15)

Altars:


Innate Abilities, Weirdness & Mutations

You have sharp fingernails.
Your movements are slightly less encumbered by armour. (ER -2)


Message History

You kill the goblin!
Trog accepts your kill. The bat hits you but does no damage.
You are no longer berserk.
You pass out from exhaustion.
You feel yourself slow down. The bat hits you but does no damage.
The bat barely misses you. The adder bites you.
The bat hits you but does no damage. The bat hits you. The adder bites you.
* * * LOW HITPOINT WARNING * * *
The bat hits you but does no damage. The adder bites you.
* * * LOW HITPOINT WARNING * * *
You are lethally poisoned!
The adder poisons you!
* * * LOW HITPOINT WARNING * * *
You feel sick. The adder bites you.
* * * LOW HITPOINT WARNING * * *
You are more poisoned.
The adder poisons you! The bat hits you but does no damage.
The adder bites you.
You die...

#. .# #.#.# ..# ##.#.#
#.#.# ... ...#.# #.#.#
#.# #.#.###.#.## #.#
#........... #.#
#.........##
#.#####.###...###
#.......# #.###
#@#####.###(#
......Sb...##..)..#
...........##.###.#
........#..##.###.######
...####.#...............
## $.#..######.......
.!# ## ######## ...


You could see an adder and a bat.

Vanquished Creatures
  An iguana (D:2)
  An ooze (D:1)
  A dart slug (D:1)
  5 goblins
  3 hobgoblins (D:1)
  A ball python (D:2)
  6 bats
  4 kobolds
  4 rats (D:1)
26 creatures vanquished.

Notes
Turn   | Place    | Note
-------+----------+-------------------------------------------
     0 | D:1      | Mirai the Demonspawn Berserker began the quest for the Orb.
     0 | D:1      | Reached XP level 1. HP: 18/18 MP: 1/1
   213 | D:1      | Gained mutation: You have sharp fingernails. [demonic ancestry]
   213 | D:1      | Reached XP level 2. HP: 7/24 MP: 2/2
   954 | D:2      | Gained mutation: Your movements are slightly less encumbered by armour. (ER -2) [demonic ancestry]
   954 | D:2      | Reached XP level 3. HP: 29/29 MP: 3/3
  1004 | D:2      | HP: 1/29 [adder (1)]
  1004 | D:2      | Slain by an adder

Skill      XL: |  1  2 |
---------------+-------+-----
Axes           | 3 |  3.5
Dodging        | 2 |  2.3
Fighting       | |  3.4
Armour         | |  1.9

Action                   || total
-------------------------++-------
Melee: Hand axe          ||    79
Invok: Berserk           ||     2
  Eat: Chunk             ||     1
Armor: Animal skin       ||     5
       Robe              ||    22
Dodge: Dodged            ||    70
